[Event "5th Vera Menchik Memorial 2022"]
[Site "Prag"]
[Date "2022.06.05"]
[Round "7.3"]
[White "Jirovsky, Milos"]
[Black "Hrabusa, Matej"]
[Result "1/2-1/2"]
[ECO "A13"]
[WhiteElo "2458"]
[BlackElo "2361"]
[Annotator "TA"]
[PlyCount "32"]
[EventDate "2022.06.05"]
[EventType "tourn"]
[EventCountry "CZE"]
[SourceTitle "playchess.com"]
[Source "ChessBase"]
[SourceQuality "1"]
[TimeControl "720+3"]

1. Nf3 d5 2. c4 e6 3. g3 Nf6 4. Bg2 dxc4 5. Qa4+ Nbd7 6. O-O a6 7. Qxc4 b5 8. Qc2 Bb7 9. a4 c5 10. d3 Be7 11. axb5 {[%emt 0:00:09] A13: English Opening: 1...e6.} axb5 12. Rxa8 {[%emt 0:00:02] [#]} Qc8 $146 {[%emt 0:11:45][%mdl 8192] [#]} (12... Qxa8 $11 13. b3 O-O) ({Predecessor:} 12... Qxa8 13. Na3 Bc6 14. Ne1 Nd5 15. Bd2 O-O 16. Nf3 Bf6 17. e4 Nb4 18. Bxb4 cxb4 {0-1 (54) Deviatkin,A (2528)-Savchenko,B (2556) St Petersburg 2015}) 13. Rb8 $2 Qxb8 $11 14. Na3 Qa8 (14... Bc6 $11) 15. Bg5 (15. Nxb5 $14 O-O 16. Na3) 15... Bc6 16. Ne1 O-O {[%emt 0:00:00] Weighted Error Value: White=0.97/Black=0.46} (16... Bxg2 $11 17. Nxg2 Qa6) 1/2-1/2

[Event "5th Vera Menchik Memorial 2022"]
[Site "Prag"]
[Date "2022.06.05"]
[Round "7.4"]
[White "Soural, Jan"]
[Black "Sahidi, Samir"]
[Result "0-1"]
[ECO "E09"]
[WhiteElo "2140"]
[BlackElo "2459"]
[Annotator "TA"]
[PlyCount "100"]
[EventDate "2022.06.05"]
[EventType "tourn"]
[EventCountry "CZE"]
[SourceTitle "playchess.com"]
[Source "ChessBase"]
[SourceQuality "1"]
[TimeControl "720+3"]

1. d4 Nf6 2. c4 e6 3. g3 d5 4. Nf3 Be7 5. Bg2 O-O 6. O-O c6 7. Nbd2 b6 8. Qc2 Nbd7 9. e4 dxe4 10. Nxe4 Bb7 11. Rd1 Nxe4 12. Qxe4 Nf6 13. Qc2 Qc7 14. Bf4 {[%emt 0:00:15] E09: Closed Catalan: Main Line: 7 Qc2 c6 8 Nbd2.} Bd6 15. Bxd6 Qxd6 16. Ne5 {[%emt 0:00:53] White is slightly better.} Qc7 17. c5 Rfd8 {[%emt 0:00:52] [#]} 18. Nc4 $146 ({Predecessor:} 18. Bxc6 Bxc6 19. cxb6 Qxb6 20. Nxc6 Rd6 21. Rac1 Nd5 22. Qc5 Qxc5 23. Rxc5 Kf8 24. Rdc1 {1-0 (39) Pazderski,Z (2246)-Krasiewicz,R (2053) Warsaw 2010}) 18... h6 19. Nd6 Ne8 20. Nc4 ({White should play} 20. Nxe8 $14 Rxe8 21. a4) 20... Rac8 (20... Nf6 $11) 21. Rac1 (21. a4 $16) 21... Nf6 22. Nd6 $36 {[%emt 0:00:04][%mdl 2048] White is in control.} Rb8 23. h4 Ba6 24. b4 bxc5 25. bxc5 Nd5 (25... Ne8 $11) 26. Be4 Rb4 (26... Nf6 $14) 27. a3 $16 Rbb8 28. Rb1 Nf6 29. Bf3 Ne8 30. Nc4 $2 (30. Rxb8 $16 Rxb8 31. Qa4) 30... Bxc4 (30... Rxb1 $15 31. Rxb1 Rxd4) 31. Qxc4 $11 {[%emt 0:00:02] Black should prevent Qa4.} Nf6 32. Qa6 Nd5 33. Bxd5 exd5 34. Re1 g6 35. Kg2 Kg7 36. Kg1 Qd7 37. Kg2 g5 38. Rxb8 Rxb8 39. hxg5 hxg5 {[%emt 0:00:02][%mdl 4096] Endgame KQR-KQR} 40. Qe2 {[%emt 0:00:01] [#] Qe5+ is the strong threat.} Qf5 ({Don't take} 40... Rh8 41. Qe5+ f6 42. Qe7+ Qxe7 43. Rxe7+ Kg6 44. Rxa7 $14) 41. g4 Qf4 42. Qe5+ Qxe5 43. Rxe5 {[%emt 0:00:01] KR-KR} Kf6 44. Rf5+ Kg6 45. Rf3 (45. Re5 $1 $11 {remains equal.}) 45... Re8 (45... Rb2 $17 {Threatens to win with ...Rd2.} 46. Rd3 a5) 46. Re3 $2 (46. Kg3 $11) 46... Rxe3 $19 47. fxe3 {[%emt 0:00:01] [#]} f5 $2 ({Better is} 47... Kf6 $1 $19 48. Kf3 Ke6) 48. Kf3 $2 (48. e4 $11 fxe4 49. a4) 48... fxg4+ 49. Kxg4 Kf6 50. a4 a5 {[%emt 0:00:02] Weighted Error Value: White=0.53/Black=0.41} 0-1

[Event "5th Vera Menchik Memorial 2022"]
[Site "Prag"]
[Date "2022.06.05"]
[Round "7.5"]
[White "Pascucci, Marco"]
[Black "Burdalev, Kirill"]
[Result "1/2-1/2"]
[ECO "D45"]
[WhiteElo "2155"]
[BlackElo "2381"]
[Annotator "TA"]
[PlyCount "70"]
[EventDate "2022.06.05"]
[EventType "tourn"]
[EventCountry "CZE"]
[SourceTitle "playchess.com"]
[Source "ChessBase"]
[SourceQuality "1"]
[TimeControl "720+3"]

1. Nf3 d5 2. c4 c6 3. e3 Nf6 4. Nc3 a6 5. Qc2 dxc4 6. Bxc4 e6 7. d4 b5 8. Bd3 Nbd7 9. O-O {[%emt 0:00:32] D45: Semi-Slav: 5 e3.} c5 10. Rd1 {[%emt 0:01:57] [#]} (10. a4 $14) 10... cxd4 $146 ({Predecessor:} 10... Qb6 11. Ne4 c4 12. Nxf6+ Nxf6 13. Be4 Nxe4 14. Qxe4 Bb7 15. Qg4 h5 16. Qh3 Be7 {0-1 (29) Jorge,L (1898)-Gauche,C (2258) Porto Alegre 2013}) 11. Nxd4 {[%emt 0:00:13] The position is equal.} Bb7 12. Bf1 Rc8 13. Qe2 Bc5 (13... Qc7 {is interesting.} 14. e4 b4 15. Nd5 exd5 16. exd5+ Qe5) 14. a3 O-O 15. e4 Qb6 16. Be3 Nxe4 17. Nxe4 Bxe4 18. b4 Bxd4 19. Rxd4 Qb7 20. a4 Bc6 21. axb5 Bxb5 22. Qb2 Bxf1 23. Rxf1 Nf6 24. Bg5 {[%emt 0:00:20] [#] aiming for Bxf6.} Nd5 25. Rg4 {[%emt 0:00:28] Strongly threatening Bh6.} f6 26. Bd2 Kh8 27. Qb3 e5 28. Rh4 Qd7 29. Qd3 {[%emt 0:00:29][%csl Gh4,LRa6,LRh7][%cal Rd3h7] [#]} f5 (29... g5 $5 30. Rh3 Qb7 $17) 30. Qxa6 Nf6 31. Bg5 Rc6 32. Qe2 Ne4 33. Qh5 Nxg5 34. Qxg5 h6 35. Qe3 e4 {[%emt 0:00:15] Weighted Error Value: White=0.13 (very precise) /Black=0.08 (flawless)} 1/2-1/2

[Event "5th Vera Menchik Memorial 2022"]
[Site "Prag"]
[Date "2022.06.05"]
[Round "7.6"]
[White "Richtrova, Eliska"]
[Black "Bauma, Jiri"]
[Result "1/2-1/2"]
[ECO "C60"]
[WhiteElo "2204"]
[BlackElo "2135"]
[Annotator "TA"]
[PlyCount "106"]
[EventDate "2022.06.05"]
[EventType "tourn"]
[EventCountry "CZE"]
[SourceTitle "playchess.com"]
[Source "ChessBase"]
[SourceQuality "1"]
[TimeControl "720+3"]

1. e4 e5 2. Nf3 Nc6 3. Bb5 g6 4. O-O Bg7 5. c3 a6 6. Ba4 {[%emt 0:00:02] C60: Ruy Lopez: Unusual Black 3rd moves and 3...g6.} b5 7. Bc2 Nf6 8. d4 {[%emt 0:00:32] White is slightly better.} exd4 9. e5 Nd5 {[%emt 0:00:33] [#]} 10. Bg5 $146 ({Predecessor:} 10. cxd4 d6 11. Be4 Nce7 12. Bg5 Bb7 13. Qb3 Rb8 14. Bxd5 Bxd5 15. Bxe7 Bxb3 16. Bxd8 {1-0 (27) Zhurbinsky,D (1823)-Mikhalevski,V (2560) Chess.com INT 2020}) 10... f6 (10... Nce7 $16) 11. exf6 $18 Bxf6 12. Re1+ Kf8 (12... Kf7 {was necessary.} 13. Bb3 Bxg5) 13. Bh6+ $1 (13. Nxd4 Bxg5 14. Qf3+ Nf4 15. Nxc6 dxc6 $19) 13... Bg7 14. Bg5 (14. Qd2 $18) 14... Bf6 $16 15. Qd2 (15. Nxd4 Bxg5 16. Qf3+ Nf4 17. Nxc6 dxc6 $17) 15... Bxg5 16. Nxg5 h6 17. Nf3 {[%emt 0:00:00] White is more active.} Qf6 18. cxd4 (18. Qe2 Nf4 19. Qd1 (19. Qe4 $2 d5 $19) 19... Kg7 $11) 18... Bb7 19. Nc3 (19. Ne5 $18 Kg7 20. Be4 (20. Nxd7 Qxd4 21. Re6 Qxd2 $16) (20. Nxg6 Rhe8 $11)) 19... Nxc3 20. bxc3 Ne7 (20... Re8 $16) 21. Ne5 $18 Rd8 22. Be4 (22. a4 $18) 22... Bxe4 $16 23. Rxe4 d6 (23... h5 $16 24. f3 g5) 24. Ng4 Qg5 25. Qe2 (25. Rf4+ $18 Nf5 26. h4 Qxh4 27. Nh2) 25... h5 (25... Nd5 $142) 26. Re1 Rh7 (26... Nd5 $16) 27. Ne3 $2 (27. h4 $18 Qxg4 28. Rxg4 hxg4 29. Qxg4) 27... Rf7 28. h4 Qf6 29. g3 {[%emt 0:00:00] aiming for Ng2.} d5 $2 (29... Kg8 $16 {might work better.}) 30. Rf4 $2 (30. Re5 $1 $18) 30... Qe6 31. Ng2 ({Better is} 31. Qf3 $16 {And now Ng2 would win.} Nf5 32. Nc2) 31... Qxe2 $11 32. Rxe2 Nf5 33. g4 hxg4 34. Rxg4 Rd6 35. Nf4 $2 (35. Re5 $11 {and White stays safe.}) 35... Rff6 $2 ({Black should try} 35... Nh6 $1 $19 36. Nxg6+ Kg7) 36. Nd3 Rde6 37. Ne5 Kg7 (37... Ke8 $11) 38. h5 (38. Kf1 $5 ) 38... Ne7 (38... Nh6 $11 39. Rg2 Nf7) 39. Re3 Kh6 (39... Nc6 $16) 40. Rh3 $2 ({Don't play} 40. hxg6 $6 Kg7 $16) (40. Rg2 $1 $18) 40... g5 (40... gxh5 $11 41. Rg2 Rf8) 41. Rgg3 (41. Rg2 $16 {Black must now prevent Ng4+.} Rf5 42. Ng4+ Kh7 43. Re3 (43. Ne3 Rf4 $16)) 41... Nf5 42. Ng4+ Kg7 43. Nxf6 Nxg3 44. Rxg3 Kxf6 $14 {[%emt 0:00:00][%mdl 4096] Endgame [#] KR-KR} (44... Re1+ $1 $11 {keeps the balance.} 45. Kg2 Kxf6) 45. h6 ({White should play} 45. f4 $1 $16 ) 45... Kf5 (45... Kg6 $11) 46. Rh3 $18 {[%emt 0:00:00] Strongly threatening h7.} Re8 47. Kg2 $2 (47. h7 $18 Rh8 48. Rh6) 47... Rh8 $2 {[%emt 0:00:00] [#]} (47... Kg6 $11) 48. Kg3 $1 {[%emt 0:00:00] Threatens to win with h7.} ({And not} 48. h7 Kg6 $11) 48... Kg6 49. Rh1 (49. Kg4 $18) 49... Rxh6 $17 50. Re1 Kh5 51. Rh1+ $1 Kg6 52. Re1 Kf7 53. Kg2 (53. Kg4 $17 {was worth a try.}) 53... Rf6 {[%emt 0:00:03] A wild game.  Weighted Error Value: White=0.74/Black=0.73} 1/2-1/2

[Event "5th Vera Menchik Memorial 2022"]
[Site "Prag"]
[Date "2022.06.05"]
[Round "7.7"]
[White "Brejnik, Gustav"]
[Black "Fedorov, Evgueny"]
[Result "1-0"]
[ECO "E18"]
[WhiteElo "2246"]
[BlackElo "2236"]
[Annotator "TA"]
[PlyCount "119"]
[EventDate "2022.06.05"]
[EventType "tourn"]
[EventCountry "CZE"]
[SourceTitle "playchess.com"]
[Source "ChessBase"]
[SourceQuality "1"]
[TimeControl "720+3"]

1. d4 Nf6 2. c4 e6 3. Nf3 b6 4. g3 Bb7 5. Bg2 Be7 6. O-O O-O 7. Nc3 Ne4 8. Bd2 $1 {[%emt 0:00:04][%mdl 4] is currently scoring better than 8.Qc2.} f5 9. Ne5 {[%emt 0:00:12] E18: Queen's Indian: Old Main Line (4 g3 Bb7 5 Bg2 Be7 6 0-0 0-0 7 Nc3).} Nxc3 10. Bxc3 Bxg2 11. Kxg2 {[%emt 0:00:01] The position is equal.} a5 {[%emt 0:00:55] [#]} 12. Qd3 $146 (12. e4 $5) ({Predecessor:} 12. e3 Qc8 13. Qf3 Ra7 14. Nd3 Qa6 15. b3 Bf6 16. Rac1 a4 17. Rfd1 axb3 18. axb3 {1-0 (28) Fang,Y (2510)-Zhai,M (2337) Danzhou 2016}) 12... d6 13. Nf3 Nd7 14. e4 f4 15. Bd2 fxg3 16. hxg3 Qe8 17. Rh1 Qg6 18. Rae1 Rae8 19. Qe2 Qg4 20. Qd3 Qg6 21. Rh3 e5 22. dxe5 Nxe5 23. Qd5+ Qf7 (23... Rf7 $5 24. Nd4 (24. Nxe5 dxe5 25. Be3 c6 $15) 24... Nd3 $11) 24. Nxe5 {[%emt 0:00:04] Chess con chili.} dxe5 25. Reh1 Qxd5 (25... Rd8 $2 26. Rxh7 $1 (26. Qxf7+ Kxf7 27. Bc3 Bc5 $11) 26... Qxd5 27. cxd5 $18 (27. exd5 Rfe8 $18)) (25... h6 $1 $11 {remains equal.}) 26. cxd5 $16 h6 27. Be3 Bd6 28. Rc1 Rf6 29. Kf1 g5 30. Ke2 Kg7 31. Rhh1 Ref8 32. Rc6 R8f7 33. Rhc1 Kg6 34. a3 Rd7 (34... g4 $11) 35. Kd3 (35. f4 $1 $16) 35... Rdf7 (35... h5 $14) 36. Kc4 (36. f4 $1 $16 ) 36... Rd7 37. Kb5 Rdf7 {[%emt 0:00:02] [#]} (37... h5 $14) 38. Ka6 (38. f4 $1 $16) 38... h5 {[%emt 0:00:22] [#]} (38... Kh5 $1 $11) 39. Rh1 (39. f4 $1 $16 ) 39... Rh7 40. Kb5 Rhf7 41. Rh2 Rh7 42. Rc1 Rhf7 43. Rch1 Rh7 44. Rh3 Rff7 45. Rc1 Rf6 46. Rc6 Rhf7 47. Rh1 Rh7 48. b4 (48. Rg1 $14) 48... axb4 $11 49. axb4 Rhf7 50. Rc2 Rh7 51. Ra2 Rf8 52. Ra7 Rb8 ({Black should try} 52... Bxb4 $11 53. Bxb6 (53. Kxb4 c5+ 54. dxc6 Rxa7 $11) 53... Bd6) 53. Kc6 $1 $14 Rd8 54. Kb5 Rb8 55. Rc1 {[%emt 0:00:08] aiming for Rc6.} Rf8 56. Rc6 {[%emt 0:00:05][%cal Of2f4] Hoping for f4!} Rf6 {[%emt 0:00:01] Against f4} (56... h4 $1 $11) 57. Ra8 $16 {[%emt 0:00:02] White is more active.} Rg7 $2 {[%emt 0:00:08] Inhibits Rg8.} (57... h4 $16) 58. Rh8 $18 Rff7 (58... Rgf7 $142 59. Rg8+ Rg7 60. Rxg7+ Kxg7) 59. Bxb6 Rf3 $2 {[%emt 0:00:02] [#]} (59... Rf6 60. Bc5 h4) 60. Bxc7 $1 {[%emt 0:00:11][%mdl 512] Weighted Error Value: White=0.18 (very precise) /Black=0.34} 1-0

[Event "5th Vera Menchik Memorial 2022"]
[Site "Prag"]
[Date "2022.06.05"]
[Round "7.8"]
[White "Vybiral, Zdenek"]
[Black "Zima, Jan"]
[Result "1-0"]
[ECO "D85"]
[WhiteElo "2167"]
[BlackElo "2134"]
[Annotator "TA"]
[PlyCount "55"]
[EventDate "2022.06.05"]
[EventType "tourn"]
[EventCountry "CZE"]
[SourceTitle "playchess.com"]
[Source "ChessBase"]
[SourceQuality "1"]
[TimeControl "720+3"]

1. d4 Nf6 2. c4 g6 3. Nc3 d5 4. cxd5 Nxd5 5. Bd2 c5 6. dxc5 {[%emt 0:00:15] D85: Exchange Grünfeld: Unusual White 7th moves and lines with 7 Nf3.} Bg7 7. Rc1 (7. Qb3 $14 Nxc3 8. Bxc3) 7... O-O $11 8. e4 {[%emt 0:01:06] [#] The position is equal.} Nf6 $146 (8... Nxc3 $11 9. Bxc3 Qxd1+ 10. Kxd1 Bh6) ({Predecessor:} 8... Nb4 9. a3 Nd3+ 10. Bxd3 Qxd3 11. Qe2 Qd8 12. Nf3 Nc6 13. h3 b6 14. cxb6 axb6 {½-½ (25) Indjic,A (2618)-Chigaev,M (2588) Chess.com INT 2020}) 9. Be2 Nc6 10. Nf3 Qa5 11. Na4 (11. Nb5 $16 Qd8 12. Qa4) 11... Qc7 12. Qc2 Rd8 13. O-O Bg4 (13... Ng4 $5 14. g3 Nge5 $14) 14. Be3 Bxf3 15. Bxf3 Nd4 16. Bxd4 Rxd4 17. Rfd1 (17. e5 $5 Ng4 18. Bxg4 Rxg4 19. h3 $11) 17... Rad8 18. Rxd4 Rxd4 19. Rd1 Nd7 20. Rxd4 Bxd4 21. b4 a5 22. a3 axb4 23. axb4 Qe5 24. g3 h5 25. Kg2 h4 26. Qd3 hxg3 27. hxg3 Kf8 (27... g5 $11 {keeps the balance.}) 28. Qb5 {[%emt 0:01:26][%csl LRb7,LRd7] Weighted Error Value: White=0.14 (very precise) /Black=0.22 (precise)} 1-0

[Event "5th Vera Menchik Memorial 2022"]
[Site "Prag"]
[Date "2022.06.05"]
[Round "7.9"]
[White "Bezdek, Tomas"]
[Black "Kulovana, Eva"]
[Result "0-1"]
[ECO "B10"]
[WhiteElo "1957"]
[BlackElo "2173"]
[Annotator "TA"]
[PlyCount "50"]
[EventDate "2022.06.05"]
[EventType "tourn"]
[EventCountry "CZE"]
[SourceTitle "playchess.com"]
[Source "ChessBase"]
[SourceQuality "1"]
[TimeControl "720+3"]

1. e4 c6 2. Ne2 d5 3. e5 e6 4. d4 c5 5. c3 Nc6 6. Be3 {[%emt 0:00:03] B10: Caro-Kann: 2 d3 and 2 c4.} Nge7 (6... Qb6 $15) 7. Ng3 $11 Qb6 {[%emt 0:02:48] [#] Hoping for ...cxd4.} 8. Qd2 {[%emt 0:00:20] The position is equal.} cxd4 9. cxd4 {[%emt 0:00:06] [#]} h5 $146 ({Predecessor:} 9... Bd7 10. Nc3 Rc8 11. Be2 Na5 12. O-O Nc4 13. Bxc4 Rxc4 14. Rfd1 h5 15. h4 Kd8 {1-0 (51) Steadman,M (2263)-Watson,B (2270) Auckland 2010}) 10. h4 g6 11. Nc3 Nf5 (11... Bg7 $11) 12. Nxf5 $16 gxf5 13. a3 f4 14. Bxf4 {[%emt 0:00:41] Rd1 is the strong threat.} Qxd4 15. Qxd4 Nxd4 16. O-O-O {[%emt 0:00:02] Against Nc2} (16. Rd1 $5 Nc6 17. Nb5 $14) 16... Nc6 17. Nb5 {[%emt 0:00:02] [#] And now Nc7+ would win.} Rb8 18. Rh3 a6 19. Nd4 (19. Nd6+ {looks sharper.} Bxd6 20. exd6 Kd7 21. Bh2) 19... Nxd4 20. Rxd4 Bd7 21. Rc3 Rc8 22. Rdd3 (22. Rxc8+ $16 Bxc8 23. Rd3) 22... Bc5 23. Be3 $1 Bxe3+ 24. Rxe3 Ke7 {[%emt 0:00:27] Threatens to win with ...d4.} 25. Be2 $2 (25. Rg3 $14) 25... d4 $1 {[%emt 0:00:04][%csl LRc3,LRe3] Weighted Error Value: White=0.49/Black=0.16 (very precise)} 0-1

[Event "5th Vera Menchik Memorial 2022"]
[Site "Prag"]
[Date "2022.06.05"]
[Round "7.10"]
[White "Bures, Jaroslav"]
[Black "Minbayev, Bolatbek"]
[Result "1-0"]
[ECO "D36"]
[WhiteElo "2422"]
[BlackElo "2078"]
[Annotator "TA"]
[PlyCount "83"]
[EventDate "2022.06.05"]
[EventType "tourn"]
[EventCountry "CZE"]
[SourceTitle "playchess.com"]
[Source "ChessBase"]
[SourceQuality "1"]
[TimeControl "720+3"]

1. d4 Nf6 2. c4 e6 3. Nc3 d5 4. cxd5 exd5 5. Bg5 c6 6. e3 Be7 7. Bd3 O-O 8. Nge2 Re8 9. Qc2 h6 10. Bh4 Nbd7 11. O-O Ne4 12. Bxe7 Qxe7 13. b4 {[%emt 0:00:48] D36: Queen's Gambit Declined: Exchange Variation: Main line (5 Bg5 c6 6 Qc2).} Nxc3 (13... Ndf6 $5 ) 14. Qxc3 {[%emt 0:00:02] [#]} a6 $146 ({Predecessor:} 14... Nf6 15. b5 Bd7 16. bxc6 Bxc6 17. Nf4 Rec8 18. Qb3 b6 19. Be2 Bb7 20. Bf3 Qd7 {1-0 (51) Hilverda,A (2229)-Knapp,M (2024) Neustadt an der Weinstrasse 2012}) 15. a4 {[%emt 0:00:04] White is slightly better.} Nf6 16. b5 axb5 17. axb5 Bd7 18. bxc6 bxc6 19. h3 Rec8 20. Rfc1 Rxa1 21. Qxa1 c5 {[%emt 0:00:29] [#]} (21... Qf8 $14) 22. Qa3 $1 $16 Be6 23. Rxc5 Rxc5 24. dxc5 {[%emt 0:00:32][%cal Bd4c5,Bc5c6][%mdl 32] aiming for Qa8+.} Nd7 25. Qa8+ Qf8 26. Qxf8+ Kxf8 {[%emt 0:00:03][%mdl 4096] Endgame KBN-KBN} 27. c6 Nb6 28. Nd4 Ke7 29. Ba6 {[%emt 0:01:24] White is more active.} Kd6 30. Kf1 g6 31. Ke2 Bc8 32. Bb5 Kc5 33. Kd3 Be6 34. Ba6 Kd6 {[%emt 0:00:00] [#] This costs Black the game.} (34... Na8 $16 35. Bb7 Nc7) 35. Kc3 $18 Bc8 $2 (35... Na4+ 36. Kb4 Nb2) 36. Bxc8 Nxc8 {[%emt 0:00:01] KN-KN} 37. Kb4 Nb6 38. f3 f6 $2 (38... Nc4 39. e4 f6) 39. Kb5 {[%emt 0:00:21] White is clearly winning.} Nc4 40. e4 Ke5 41. Kc5 g5 42. exd5 {[%emt 0:01:07] Weighted Error Value: White=0.13 (very precise) /Black=0.43} 1-0

[Event "5th Vera Menchik Memorial 2022"]
[Site "Prag"]
[Date "2022.06.05"]
[Round "7.11"]
[White "Varga, David"]
[Black "Holy, Filip"]
[Result "0-1"]
[ECO "B15"]
[WhiteElo "2323"]
[BlackElo "2066"]
[Annotator "TA"]
[PlyCount "63"]
[EventDate "2022.06.05"]
[EventType "tourn"]
[EventCountry "CZE"]
[SourceTitle "playchess.com"]
[Source "ChessBase"]
[SourceQuality "1"]
[TimeControl "720+3"]

1. e4 c6 2. d4 d5 3. Nc3 dxe4 4. Nxe4 Nf6 5. Nxf6+ exf6 6. Bf4 Be7 {[%emt 0:00:02] B15: Caro-Kann: 3 Nc3: 3...g6 and 3...dxe4 4 Nxe4 Nf6 5 Nxf6+ exf6.} 7. Nf3 Nd7 8. Be2 {[%emt 0:00:41] [#]} Nf8 $146 ({Predecessor:} 8... O-O 9. O-O Re8 10. d5 cxd5 11. Qxd5 Ne5 12. Qxd8 Bxd8 13. Nd4 a6 14. c4 Bb6 {1-0 (41) Van der Sterren,P (2410)-Sahl,B Silkeborg 1980}) 9. O-O Ng6 10. Bd2 Bd6 11. Re1 O-O 12. Bf1 Be6 13. c4 Qd7 14. Bc3 Rfd8 15. Nd2 f5 (15... b5 $11 16. a3 a5) 16. Nf3 $14 f6 {[%emt 0:00:21] Prevents Ng5.} 17. Qc2 Kh8 18. Rad1 Bc7 19. b3 Qd6 20. g3 {[%emt 0:00:34] Inhibits Nh4.} f4 21. Bg2 (21. Bd3 $1 $14) 21... Qd7 $11 22. Bb2 Bf5 23. Qc3 Rac8 24. d5 Bb6 (24... c5 $11) 25. Nd4 (25. d6 $16 {And now c5 would win.} c5 26. a4) 25... cxd5 26. Bxd5 Bg4 {[%emt 0:00:20] [#] Threatens to win with ...fxg3.} 27. Rd2 (27. Ne6 $1 $14 Bxd1 28. Nxd8 Rxd8 29. Rxd1) 27... Ne5 {[%emt 0:00:13] White should prevent ...Qe8.} 28. gxf4 Qxd5 29. cxd5 $16 Rxc3 30. Bxc3 (30. fxe5 $16 Rcc8 31. Nc2) 30... Bxd4 $11 {[%emt 0:00:04][%mdl 64] [#] Remove Defender} 31. Rxd4 Nf3+ 32. Kf1 {[%mdl 32768] Weighted Error Value: White=0.22 (precise) /Black=0.23 (precise) . Sensor Board Error (Ke4/e5)?} 0-1

[Event "5th Vera Menchik Memorial 2022"]
[Site "Prag"]
[Date "2022.06.05"]
[Round "7.12"]
[White "Ocelak, Jakub"]
[Black "Dubansky, Bohuslav"]
[Result "1/2-1/2"]
[ECO "C13"]
[WhiteElo "2060"]
[BlackElo "2223"]
[Annotator "TA"]
[PlyCount "117"]
[EventDate "2022.06.05"]
[EventType "tourn"]
[EventCountry "CZE"]
[SourceTitle "playchess.com"]
[Source "ChessBase"]
[SourceQuality "1"]
[TimeControl "720+3"]

1. d4 e6 2. e4 d5 3. Nd2 dxe4 4. Nxe4 Nd7 5. Nf3 Ngf6 6. Bg5 Be7 7. Nxf6+ Bxf6 $1 {[%emt 0:00:02] The main line 7...Bxf6 scores better than 7...Nxf6.} 8. Be3 {[%emt 0:00:13] C13: French: Classical System: 4 Bg5 Be7, Alekhine-Chatard Attack.} O-O 9. Bd3 b6 {[%emt 0:00:04] [#]} 10. h4 $146 {[%emt 0:00:08][%cal Od3h7] White has an edge.} ({Predecessor:} 10. Be4 Rb8 11. Qd3 g6 12. O-O-O Bb7 13. g4 Bg7 14. Bxb7 Rxb7 15. Qe4 Rb8 16. g5 {1-0 (27) Golubov,S (2339)-Sykora,J (2117) Pardubice 2014}) 10... Re8 (10... Bb7 $11 {remains equal.}) 11. Ng5 $16 Nf8 12. Qh5 g6 13. Qf3 {[%emt 0:00:02] 0x0.00222ccc11a7dp-1022s more active pieces.} Rb8 14. Ne4 Bg7 15. Bg5 Qxd4 {[%emt 0:02:15] Threatens to win with ...Qb4+.} 16. Nf6+ (16. Bf6 $14 Qb4+ 17. Bc3) 16... Bxf6 $15 17. Bxf6 e5 $36 {[%emt 0:02:03][%mdl 2048] White must now prevent ...Re6. Black is on the roll.} 18. Qg3 Qf4 (18... Re6 $17 19. Bg5 (19. c3 $2 Qf4 $19) 19... e4) 19. Qxf4 $11 exf4+ 20. Kd2 Bb7 21. f3 $1 h6 22. Rae1 Nd7 23. Bd4 {[%emt 0:00:24] This bishop pair is nice.} Rbd8 24. Kc1 Nc5 25. Bxc5 (25. Bf6 $11) 25... bxc5 $15 26. b3 Kf8 27. Bb5 Re7 28. Rd1 Rd6 29. Rde1 Rd5 (29... Bd5 $17) 30. Bc4 (30. Rxe7 $1 $11 Kxe7 31. Re1+ Kf6 32. Re4) 30... Rh5 31. Rd1 (31. Rxe7 $11 Kxe7 32. Re1+ Kf8 33. Rd1) 31... Kg7 (31... Bc6 $17) 32. Kb2 Bc6 33. Kc3 Re3+ 34. Kb2 a5 35. a4 Kf6 36. Rd8 Re8 37. Rd2 Kg7 38. Rdd1 Re3 39. Kc1 Rhe5 40. Kb2 Rh5 41. Kc1 Ree5 42. Kb2 g5 43. hxg5 Rexg5 {[%emt 0:00:01] aiming for ...Rxh1.} 44. Rxh5 Rxh5 $11 {[%emt 0:00:01][%mdl 4096] Endgame KRB-KRB} 45. Rd8 Rg5 (45... Re5 $5 ) 46. Rc8 Rxg2 47. Rxc7 Bxf3 {[%emt 0:00:01] And now ...Kg6 would win.} 48. Rxf7+ Kg6 {[%emt 0:00:04] Strongly threatening ...Kg5.} 49. Rxf4 Bd1 50. Bd3+ Kg5 {[%emt 0:00:03] A mistake that costs the game.} (50... Kg7 $14) 51. Rf5+ $18 Kg4 $2 (51... Kh4 52. Kc3 (52. Rxc5 Rg5 $16) 52... h5) 52. Rxc5 h5 53. Rxa5 h4 {[%emt 0:00:01] [#]} 54. Rc5 $1 Kg3 55. Rg5+ Bg4 56. Rg8 h3 {[%emt 0:00:03] ...h2 is the strong threat.} 57. Bf1 (57. a5 $142) 57... Rf2 {[%emt 0:00:21] [#]} 58. Bxh3 Kxh3 59. a5 {[%emt 0:00:03] Weighted Error Value: White=0.20 (precise) /Black=0.29 (precise)} ({White should play} 59. Rg7 $16) 1/2-1/2